 Dungeon Crawl Stone Soup version 0.31-a0-614-gc85dc1c48c (webtiles) character file.

Game seed: 7540755723153920666

15939 AdnanSaban the Blocker (level 12, -24/73 HPs)
             Began as a Gargoyle Fighter on Aug 22, 2023.
             Was a Priest of Okawaru.
             Annihilated by Rupert
             ... wielding a +1 heavy great sword
              (34 damage)
             ... on level 12 of the Dungeon.
             The game lasted 00:17:16 (13388 turns).

AdnanSaban the Blocker (Gargoyle Fighter)          Turns: 13388, Time: 00:17:16

Health: -24/73     AC: 31    Str: 26    XL:     12   Next: 32%
Magic:  11/12      EV:  9    Int:  8    God:    Okawaru [***...]
Gold:   562        SH: 16    Dex:  9    Spells: 11/11 levels left

rFire   . . .        P - +0 morningstar
rCold   . . .        s - +0 kite shield
rNeg    + + .        K - +8 chain mail of Heresy {rN+}
rPois   ∞            (no helmet)
rElec   +            (no cloak)
rCorr   .            J - +0 pair of gloves
SInv    .            F - +0 pair of boots
Will    .....        i - amulet of reflection Stlth
                     (no ring)
HPRegen 0.32/turn    (no ring)
MPRegen 0.13/turn

%: reflection
@: studying Armour
A: sickness immunity, AC +8, negative energy resistance 1, electricity
resistance, torment resistance 1, petrification resistance
a: Renounce Religion, Heroism


You were on level 12 of the Dungeon.
You worshipped Okawaru.
Okawaru was most pleased with you.
You visited 2 branches of the dungeon, and saw 13 of its levels.
You also visited: Ossuary and Bailey.

You collected 562 gold pieces.

Inventory:

Hand Weapons
 P - a +0 morningstar (weapon)
Missiles
 b - 9 boomerangs
 k - 6 javelins
 n - 6 curare-tipped darts
 E - a throwing net
 Q - 2 poisoned darts (quivered)
Armour
 s - a +0 kite shield (worn)
 F - a +0 pair of boots (worn)
 J - a +0 pair of gloves (worn)
 K - the +8 chain mail of Heresy (worn) {rN+}
   (You found it on level 8 of the Dungeon)

   rN+:       It protects you from negative energy.
Jewellery
 i - an amulet of reflection (around neck)
 D - a ring of ice
 N - an amulet of guardian spirit
 O - a ring of magical power
 R - a ring of flight
Scrolls
 a - a scroll of vulnerability {unknown}
 e - 4 scrolls of fog {unknown}
 f - 2 scrolls of summoning {unknown}
 h - 3 scrolls of fear {unknown}
 j - 3 scrolls of teleportation {unknown}
 m - 3 scrolls of amnesia {unknown}
 p - a scroll of immolation {unknown}
 u - 9 scrolls of identify {unknown}
 v - a scroll of silence {unknown}
 y - 3 scrolls of enchant armour
 B - 2 scrolls of poison {unknown}
 C - 2 scrolls of torment {unknown}
 H - a scroll of acquirement {unknown}
 I - 2 scrolls of brand weapon {unknown}
 L - 2 scrolls of revelation {unknown}
 M - a scroll of enchant weapon {unknown}
Potions
 c - 9 potions of degeneration
 d - 2 potions of might
 g - 7 potions of curing {unknown}
 l - 3 potions of heal wounds {unknown}
 o - 2 potions of berserk rage {unknown}
 q - 2 potions of resistance {unknown}
 r - 4 potions of cancellation {unknown}
 t - a potion of lignification {unknown}
 w - 2 potions of haste {unknown}
 x - 3 potions of enlightenment {unknown}
 z - 6 potions of mutation
 A - 2 potions of brilliance {unknown}
 G - 4 potions of attraction {unknown}


   Skills:
 + Level 8.0 Fighting
 + Level 11.5 Maces & Flails
 + Level 1.5 Throwing
 + Level 9.4 Armour
 + Level 3.8 Dodging
 + Level 1.8 Stealth
 + Level 13.1 Shields


You had 11 spell levels left.
You didn't know any spells.
Your spell library contained the following spells:

 Spells                   Type           Power      Damage    Failure   Level
 Static Discharge         Conj/Air       0%         2-2/arc   99%         2
 Wereblood                Tmut           0%         N/A       99%         2
 Inner Flame              Hex/Fire       0%         N/A       100%        3
 Airstrike                Air            0%         2d(0-16)  100%        4
 Passage of Golubria      Tloc           0%         N/A       100%        4
 Irradiate                Conj/Tmut      0%         3d11      100%        5
 Lee's Rapid Deconstruct  Erth           0%         3d4*      100%        5
 Silence                  Hex/Air        0%         N/A       100%        5
 Yara's Violent Unravell  Hex/Tmut       0%         3d3       100%        5
 Enfeeble                 Hex            0%         N/A       100%        7
 Lehudib's Crystal Spear  Conj/Erth      0%         10d2      100%        8
 Animate Armour           Summ/Erth      Unusable   N/A       N/A         4
 Summon Lightning Spire   Summ/Air       Unusable   N/A       N/A         4
 Malign Gateway           Summ/Tloc      Unusable   N/A       N/A         7
 Summon Horrible Things   Summ           Unusable   N/A       N/A         8

Dungeon Overview and Level Annotations

Branches:
Dungeon (12/15)            Temple (1/1) D:7            Lair (0/5) D:11
    Orc (0/2) D:9         Ossuary (visited)          Bailey (visited)

Altars:
Ashenzari
Cheibriados
Dithmenos
Elyvilon
Fedhas
Gozag
Hepliaklqana
Kikubaaqudgha
Makhleb
Nemelex Xobeh
Okawaru
Qazlal
Ru
Sif Muna
Trog
Uskayaw
Vehumet
Wu Jian
Xom
Yredelemnul
Zin
The Shining One

Shops:
D:4 (   D:9 =   D:10 *

Annotations:
D:12 Rupert


Innate Abilities, Weirdness & Mutations

You are immune to sickness and miasma.
Your stone body is resilient. (AC +8)
You are immune to poison.
You resist negative energy. (rN+)
You are resistant to electric shocks. (rElec)
You are resistant to unholy torment.
You are immune to petrification.


Message History

Rupert roars madly and goes into a rage!
Rupert goes berserk!
You puncture Rupert!
Rupert is moderately wounded.
You block Rupert's attack.
You barely miss Rupert.
Rupert is moderately wounded.
You block Rupert's attack.
You barely miss Rupert.
Rupert is moderately wounded.
You puncture Rupert!
Rupert is heavily wounded.
You block Rupert's attack.
You hit Rupert.
Rupert is heavily wounded.
Rupert barely misses you.
You bludgeon Rupert!!
Rupert is heavily wounded.
Rupert barely misses you.
You barely miss Rupert.
Rupert is heavily wounded.
You sock Rupert!
Rupert is heavily wounded.
You block Rupert's attack.
You completely miss Rupert.
Rupert is heavily wounded.
You feel like a meek peon again.
Rupert hits you with a +1 heavy great sword!!!
Ouch! That really hurt!
You sock Rupert!
Rupert is heavily wounded.
Rupert closely misses you.
You hit Rupert but do no damage.
Rupert is heavily wounded.
Rupert hits you with a +1 heavy great sword!!
* * * LOW HITPOINT WARNING * * *
You barely miss Rupert.
Rupert is heavily wounded.
Rupert hits you with a +1 heavy great sword!!
You die...

######## #.......
#.###### #.# #.#
#.#
#################.#
(....u@@..........#
......#############
###(. .(. .##
####### >......
##### #....


You could see Rupert (berserk) and a cyan ugly thing.

Vanquished Creatures
  6 two-headed ogres
  Pikel (D:6)
  A deep elf pyromancer (D:12)
  A cyclops (D:11)
  2 gargoyles
  A kobold demonologist (D:11)
  3 trolls
  Sigmund (D:2)
  8 yaks
  A shadow (D:10)
  4 water elementals (D:10)
  2 wyverns
  3 steam dragons
  5 vampire mosquitoes
  A water moccasin (D:6)
  Pargi (D:4)
  A sky beast (D:6)
  11 orc warriors
  A black bear (D:6)
  2 ice beasts
  3 ogres
  14 centaurs
  3 lemures
  A kobold brigand (D:3)
  5 bullfrogs
  6 scorpions
  A necrophage (D:6)
  30 killer bees
  3 human zombies (Ossuary)
  A centaur zombie (Ossuary)
  4 hounds
  A gnoll bouda (D:7)
  A jelly (D:7)
  4 orc priests
  4 iguanas
  A sleepcap (D:7)
  Jessica (D:2)
  Natasha (thrice) (D:2)
  8 orc wizards
  A hound skeleton (D:6)
  4 mummies (Ossuary)
  15 gnolls
  6 adders
  A shadow imp (D:5)
  A white imp (D:5)
  A worm (D:2)
  4 dart slugs
  46 orcs
  4 bats
  9 endoplasms
  6 giant cockroaches
  9 goblins
  9 hobgoblins
  2 jackals (D:4)
  4 quokkas
  8 ball pythons
  5 frilled lizards
  A goblin zombie (Ossuary)
  A hobgoblin zombie (Ossuary)
  7 kobolds
  2 orc zombies (Ossuary)
  9 rats
305 creatures vanquished.

Notes
Turn   | Place    | Note
-------+----------+-------------------------------------------
     0 | D:1      | AdnanSaban the Gargoyle Fighter began the quest for the
                  | Orb.
     0 | D:1      | Reached XP level 1. HP: 14/14 MP: 1/1
   196 | D:1      | Reached XP level 2. HP: 19/19 MP: 2/2
   744 | D:2      | Noticed Natasha
   756 | D:2      | Killed Natasha
   757 | D:2      | Reached XP level 3. HP: 18/24 MP: 3/3
   850 | D:2      | Reached XP level 4. HP: 27/29 MP: 4/4
   871 | D:2      | Noticed Jessica
   883 | D:2      | Killed Jessica
   886 | D:2      | Reached skill level 1 in Dodging
   982 | D:2      | Noticed Natasha
   993 | D:2      | Killed Natasha
   994 | D:2      | Reached skill level 4 in Shields
   994 | D:2      | Reached XP level 5. HP: 19/33 MP: 5/5
  1280 | D:2      | Noticed Natasha
  1295 | D:2      | Killed Natasha
  1363 | D:2      | Noticed Sigmund
  1425 | D:2      | Killed Sigmund
  1426 | D:2      | Reached XP level 6. HP: 17/38 MP: 6/6
  1627 | D:3      | Reached XP level 7. HP: 25/43 MP: 7/7
  1896 | D:3      | Found a sparkling altar of Nemelex Xobeh.
  2010 | D:3      | Found a faded altar of an unknown god.
  2054 | D:3      | Reached skill level 5 in Armour
  2220 | D:3      | You fall into a shaft and drop 3 floors!
  2268 | D:6      | Reached skill level 5 in Shields
  2293 | D:6      | Reached skill level 5 in Maces & Flails
  2463 | D:5      | Entered Level 5 of the Dungeon
  2519 | D:5      | Reached XP level 8. HP: 12/48 MP: 8/8
  2681 | D:4      | Noticed Pargi
  3166 | D:4      | Found a sand-covered staircase.
  3174 | Ossuary  | Entered an ossuary
  3487 | Ossuary  | Reached skill level 5 in Fighting
  3591 | D:4      | Found Osmaucw's Weapon Emporium.
  3783 | D:4      | Killed Pargi
  3784 | D:4      | Reached skill level 6 in Shields
  4119 | D:5      | Found a glowing golden altar of the Shining One.
  4434 | D:5      | Found a snail-covered altar of Cheibriados.
  4760 | D:5      | Reached skill level 7 in Shields
  4760 | D:5      | Reached XP level 9. HP: 54/54 MP: 9/9
  5124 | D:6      | Found a burning altar of Makhleb.
  5899 | D:7      | Reached skill level 8 in Shields
  5915 | D:7      | Noticed Pikel
  6009 | D:6      | Killed Pikel
  6067 | D:7      | Reached XP level 10. HP: 59/61 MP: 10/10
  6237 | D:7      | Found a staircase to the Ecumenical Temple.
  6246 | Temple   | Entered the Ecumenical Temple
  6324 | D:7      | Noticed a moth of wrath
  6328 | D:7      | Found a bloodstained altar of Trog.
  6576 | D:7      | Reached skill level 9 in Shields
  7153 | D:8      | Noticed a two-headed ogre
  7167 | D:8      | Killed a two-headed ogre
  7563 | D:8      | Identified the +8 chain mail of Heresy {rN+}
  7749 | D:8      | Noticed a two-headed ogre
  7767 | D:8      | HP: 2/61 [two-headed ogre/+0 giant club (6)]
  7768 | D:8      | Killed a two-headed ogre
  7769 | D:8      | Reached skill level 10 in Shields
  8174 | D:9      | Found Yfupuipe's Jewellery Shop.
  8175 | D:9      | Noticed a two-headed ogre
  8188 | D:9      | Killed a two-headed ogre
  8189 | D:9      | Reached skill level 10 in Maces & Flails
  8189 | D:9      | Reached XP level 11. HP: 38/67 MP: 11/11
  8296 | D:9      | Reached skill level 1 in Throwing
  8794 | D:9      | Noticed a two-headed ogre
  8806 | D:9      | Killed a two-headed ogre
  8807 | D:9      | Reached skill level 11 in Shields
  8828 | D:9      | Found an ornate altar of the Wu Jian Council.
  9197 | D:9      | Noticed a two-headed ogre
  9443 | D:9      | Found a staircase to the Orcish Mines.
  9949 | D:9      | Killed a two-headed ogre
 10261 | D:10     | Entered Level 10 of the Dungeon
 10270 | D:10     | Found an opulent altar of Gozag.
 10274 | D:10     | Found a flagged portal.
 10340 | Bailey   | Entered a bailey
 10649 | Bailey   | Noticed an orc knight
 10973 | D:10     | Found Woneobuss's Assorted Antiques.
 11168 | D:10     | Found a hazy altar of Hepliaklqana.
 11197 | D:10     | Found an iron altar of Okawaru.
 11222 | D:10     | Became a worshipper of Warmaster Okawaru
 11290 | D:10     | Noticed a two-headed ogre
 11303 | D:10     | Killed a two-headed ogre
 11372 | D:10     | Found a sacrificial altar of Ru.
 11481 | D:10     | Reached * piety under Okawaru
 11482 | D:10     | Reached skill level 12 in Shields
 11791 | D:11     | Noticed a cyclops
 11878 | D:11     | Found a staircase to the Lair.
 12110 | D:11     | Reached skill level 1 in Stealth
 12115 | D:11     | Killed a cyclops
 12115 | D:11     | Reached ** piety under Okawaru
 12116 | D:11     | Reached XP level 12. HP: 59/73 MP: 12/12
 12189 | D:11     | Identified the +1 ring mail "Hero's Friend" {rElec rPois
                  | rF- Int+5}
 12820 | D:12     | Reached *** piety under Okawaru
 12821 | D:12     | Reached skill level 13 in Shields
 13367 | D:12     | Noticed Rupert
 13388 | D:12     | Annihilated by Rupert

Illustrated notes

Levels and vault maps discovered:
D:1:      minmay_arrival_five_plusses, layout_basic, serial_corexii_hall,
          corexii_hall_statues_s, corexii_hall_statues_deadend,
          chequers_hall_statues_wall_a, chequers_hall_statues_wall_a
D:2:      layout_basic, minmay_misc_feat_tower, minmay_pentomino_p4,
          uniq_sigmund, uniq_natasha, uniq_jessica
D:3:      layout_loops_corners, mainiacjoe_overflow_six_doors_small,
          dreamdust_ecumenical_altar_grove
D:4:      minmay_angry_zag, layout_rooms, serial_shops,
          nicolae_shop_back_alley_shop, chequers_ossuary_entry_cave, uniq_pargi
D:5:      wad_lake_hut, layout_basic, tso_oasis_becter, cheibriados_altar_1
D:6:      layout_loops_ring, makhleb_blood_cavern_becter
D:7:      layout_cave_pools, tgw_trog, temple_hall, uniq_pikel
D:8:      layout_basic, david_defended_altar_orc
D:9:      layout_basic, pdpol_wu_jian_five_deadly_venoms, orc_0_dummy,
          serial_shops, nicolae_shop_crystal, grunt_ministairs_3, centaur_isle
D:10:     layout_loops_ring, mainiacjoe_overflow_chevrons,
          nicolae_overflow_crystal_walls, mainiacjoe_overflow_brackets,
          okawaru_ov_weapons_minmay, enter_bailey_8, grunt_decor_arrowhead,
          nicolae_take_the_stairs, nicolae_underground_beach
D:11:     layout_loops_ring, lair_entry_dummy
D:12:     layout_basic, enter_trove_6, serial_rivers,
          chequers_serial_rivers_large_a, chequers_serial_rivers_small_b,
          chequers_serial_rivers_micro_d, chequers_serial_rivers_micro_c,
          chequers_serial_rivers_micro_b, chequers_serial_rivers_micro_a,
          uniq_rupert
Temple:   hc_temple_tempest_star

Skill      XL: |  1  2  3  4  5  6  7  8  9 10 11 12 |
---------------+-------------------------------------+-----
Armour         | 4 5 6 8 9 |  9.4
Dodging        | 1 2 3 |  3.8
Maces & Flails | 3 4 5 7 8 10 11 | 11.5
Shields        | 4 5 7 8 10 12 13 | 13.1
Fighting       | 4 5 6 7 8 |  8.0
Throwing       | 1 |  1.5
Stealth        | 1 |  1.8

Action                     |  1- 3 |  4- 6 |  7- 9 | 10-12 || total
---------------------------+-------+-------+-------+-------++-------
  Melee: Flail             |   103 |   128 |   648 |   807 ||  1686
         Morningstar       |       |       |       |   119 ||   119
  Throw: Javelin           |       |       |     4 |       ||     4
         Boomerang         |       |       |     2 |    14 ||    16
         Dart              |       |       |       |     4 ||     4
 Invoke: Heroism           |       |       |       |     1 ||     1
 Armour: Scale mail        |    58 |    48 |    91 |       ||   197
         Plate armour      |       |       |   254 |   135 ||   389
         Chain mail        |       |       |       |   300 ||   300
  Dodge: Dodged            |    44 |    54 |   139 |   288 ||   525
  Block: Buckler           |    29 |    61 |     4 |       ||    94
         Reflection        |       |     1 |     5 |   104 ||   110
         Kite shield       |       |       |   454 |   866 ||  1320

Table legend: (Time is in decaauts)
 A = Elapsed time spent in this place.
 B = Non-inter-level travel time spent in this place.
 C = Inter-level travel time spent in this place.
 D = Time resting spent in this place.
 E = Time spent auto-exploring this place.
 F = Levels seen in this place.
 G = Mean time per level.
                   A        B        C        D        E       F      G
               +--------+--------+--------+--------+--------+-----+--------+
         Total |  13644 |  13105 |    539 |    670 |   8944 |  15 |  909.6 |
       Dungeon |  12912 |  12373 |    539 |    560 |   8681 |  12 | 1076.0 |
        Temple |      1 |      1 |      0 |      0 |      0 |   1 |    1.0 |
       Ossuary |    375 |    375 |      0 |     90 |    143 |   1 |  375.0 |
        Bailey |    354 |    354 |      0 |     20 |    120 |   1 |  354.0 |
               +--------+--------+--------+--------+--------+-----+--------+

Top non-repeatable levels by time:
     D:9: 1924 daAuts
     D:8: 1512 daAuts
     D:5: 1375 daAuts
    D:10: 1269 daAuts
     D:6: 1214 daAuts
     D:3: 991 daAuts
    D:11: 947 daAuts
     D:7: 874 daAuts
     D:2: 838 daAuts
     D:1: 766 daAuts
     D:4: 618 daAuts
    D:12: 579 daAuts
 Ossuary: 375 daAuts
  Bailey: 354 daAuts
  Temple: 1 daAuts
